Sabres vs Canadiens

Created - October 25 2007 at 17:44

Goals
1 2 3 OT1 T
Sabres 0 1 0 0 1
Canadiens 0 0 1 1 2
Shots
1 2 3 OT1 T
Sabres 7 9 6 6 28
Canadiens 5 7 7 4 23

Period #1

No Goal

Penalities :
Andrei Markov (MTL) for Holding (Minor) at 2:39, Martin Gelinas (MTL) for High sticking (Minor) at 5:22, Martin Gelinas (MTL) for Interference (Minor) at 8:46, Lee Stempniak (MTL) for Holding (Minor) at 14:29, Lubomir Visnovsky (MTL) for Holding (Minor) at 18:56

Period #2

1. Sabres , Chris Drury 3 (Nathan Horton, Rob Blake) at 18:45

Penalities :
Andrei Markov (MTL) for Slashing (Minor) at 0:56, Brian Campbell (BUF) for Hooking (Minor) at 3:17, Roberto Luongo (MTL) for Unsportsmanlike conduct (Major / Game Misconduct) at 9:40 - Darcy Tucker served the penalty.

Period #3

2. Canadiens , Alexander Frolov 5 (Mike Johnson) at 9:40 (PP)

Penalities :
Maxim Afinogenov (MTL) for Roughing (Minor) at 5:46, Thomas Vanek (BUF) for Interference (Minor) at 9:10, Mike Johnson (MTL) for Spearing (Major / Game Misconduct) at 10:40, Viktor Kozlov (MTL) for Roughing (Minor) at 14:51

Overtime #1

3. Canadiens , Andrei Markov 2 (Maxim Afinogenov, Ryan Getzlaf) at 4:55

Penalities :
No Penalty

Goalie Stats

Ryan Miller (BUF), 21 saves from 23 shots - (0.913), OTL, 5-4-2, 64:56 minutes
John Grahame (MTL), 13 saves from 14 shots - (0.929), W, 1-0-0, 35:16 minutes
Roberto Luongo (MTL), 14 saves from 14 shots - (1.000), 29:40 minutes

Players Stats

Sabres
Player Name              G  A  P  +/- PIM S  H  SB FO MP 
-----------------------------------------------------------
Brian Campbell           0  0  0  -1  2   0  1  0  0  25 
Chris Drury              1  0  1   0  0   6  2  1  34 27 
Daniel Briere            0  0  0   0  0   5  0  0  31 26 
Danny Markov             0  0  0   0  0   0  2  1  0  14 
Derek Roy                0  0  0   0  0   2  0  0  13 12 
Dmitri Kalinin           0  0  0   0  0   1  0  0  0  17 
Doug Weight              0  0  0   0  0   0  0  0  0  13 
Henrik Zetterberg        0  0  0   0  0   2  1  1  0  13 
Jochen Hecht             0  0  0   0  0   2  2  0  4  23 
Johan Franzen            0  0  0   0  0   0  0  0  4  7  
John-Michael Liles       0  0  0   0  0   0  1  1  0  27 
Michael Ryder            0  0  0  -1  0   3  1  0  3  22 
Milan Hejduk             0  0  0   0  0   2  1  0  3  24 
Nathan Horton            0  1  1   1  0   1  1  0  0  15 
Paul Gaustad             0  0  0   0  0   0  1  0  0  7  
Rob Blake                0  1  1   1  0   0  1  2  0  25 
Thomas Vanek             0  0  0   1  2   2  1  0  4  16 
Toni Lydman              0  0  0   0  0   2  1  3  0  24 
Canadiens
Player Name              G  A  P  +/- PIM S  H  SB FO MP 
-----------------------------------------------------------
Alexander Frolov         1  0  1   0  0   4  2  0  0  7  
Andrei Markov            1  0  1   1  4   1  2  0  0  26 
Bryan Smolinski          0  0  0  -1  0   2  0  0  8  14 
Craig Rivet              0  0  0  -1  0   0  1  4  0  27 
Darcy Tucker             0  0  0   0  0   1  1  0  0  10 
Karlis Skrastins         0  0  0  -1  0   0  2  2  0  19 
Lee Stempniak            0  0  0   0  2   1  1  0  1  16 
Lubomir Visnovsky        0  0  0   0  2   1  1  1  0  26 
Mark Recchi              0  0  0   0  0   2  1  0  5  16 
Martin Gelinas           0  0  0  -1  4   0  1  0  1  7  
Matt Carle               0  0  0   1  0   2  0  0  0  23 
Maxim Afinogenov         0  1  1   1  2   3  3  0  2  23 
Mike Johnson             0  1  1   0  15  1  1  1  4  13 
Philippe Boucher         0  0  0   0  0   0  3  1  0  8  
Ryan Getzlaf             0  1  1   1  0   1  2  0  26 21 
Ryan Kesler              0  0  0   0  0   0  0  2  22 17 
Saku Koivu               0  0  0   0  0   0  0  0  27 17 
Viktor Kozlov            0  0  0  -1  2   4  1  0  0  21 

3 Stars

1 - Andrei Markov (MTL)
2 - Chris Drury (BUF)
3 - Alexander Frolov (MTL)

Power Play

Sabres - 0 on 10 Attempt(s) - 0.00%
Canadiens - 1 on 2 Attempt(s) - 50.00%

Penalty Kill

Sabres - 1 on 2 Attempt(s) - 50.00% - Score 0 goal in Penalty Kill
Canadiens - 10 on 10 Attempt(s) - 100.00% - Score 0 goal in Penalty Kill

Game Notes

Philippe Boucher is injured at 17:40 of 1st period (Hand)
Roberto Luongo ejected from game at 9:40 of 2nd period
John Grahame enters game at 9:40 of 2nd period
Mike Johnson ejected from game at 10:40 of 3rd period

Finance

Level 1 -- Attendance: 4776 (68.23%) -- Ticket Income $477,600.00
Level 2 -- Attendance: 3986 (66.43%) -- Ticket Income $239,160.00
Level 3 -- Attendance: 3060 (96.20%) -- Ticket Income $107,100.00
Level 4 -- Attendance: 3985 (94.89%) -- Ticket Income $79,700.00
Luxury Box -- Attendance: 1033 (82.65%) -- Ticket Income $206,600.00
Game was played at the Bell Centre
Total Attendance: 16840 (77.85%)
Total Ticket Income: $1,205,126.00
Other Income: $152,361.60
Total Income: $1,357,488.00


Play by Play

Period #1

0:01 of 1st period - Daniel Briere wins face-off versus Saku Koivu in neutral zone.
0:06 of 1st period - Shot by Daniel Briere.
0:06 of 1st period - Stopped by Roberto Luongo without a rebound.
0:07 of 1st period - Ryan Getzlaf wins face-off versus Chris Drury in Canadiens zone.
0:07 of 1st period - Mark Recchi is hit by Chris Drury and loses puck.
0:09 of 1st period - Mark Recchi is hit by Nathan Horton.
0:15 of 1st period - Shot by Darcy Tucker.
0:15 of 1st period - Shot Blocked by Toni Lydman.
0:17 of 1st period - Shot by Ryan Getzlaf.
0:17 of 1st period - Stopped by Ryan Miller without a rebound.
0:18 of 1st period - Saku Koivu wins face-off versus Daniel Briere in Sabres zone.
0:34 of 1st period - Off-side.
0:35 of 1st period - Ryan Getzlaf wins face-off versus Chris Drury in neutral zone.
1:01 of 1st period - Shot by Darcy Tucker.
1:01 of 1st period - Shot Misses the Net.
1:03 of 1st period - Shot by Andrei Markov.
1:03 of 1st period - Shot Misses the Net.
1:05 of 1st period - Shot by Andrei Markov.
1:05 of 1st period - Shot Blocked by Toni Lydman.
1:07 of 1st period - Shot by Matt Carle.
1:07 of 1st period - Stopped by Ryan Miller without a rebound.
1:08 of 1st period - Daniel Briere wins face-off versus Saku Koivu in Sabres zone.
1:36 of 1st period - Shot by Daniel Briere.
1:36 of 1st period - Shot Misses the Net.
1:40 of 1st period - Shot by Daniel Briere.
1:40 of 1st period - Shot Misses the Net.
1:59 of 1st period - Icing by Lubomir Visnovsky.
2:00 of 1st period - Michael Ryder wins face-off versus Saku Koivu in Canadiens zone.
2:26 of 1st period - Shot by Derek Roy.
2:26 of 1st period - Stopped by Roberto Luongo without a rebound.
2:27 of 1st period - Chris Drury wins face-off versus Ryan Getzlaf in Canadiens zone.
2:37 of 1st period - Chris Drury is hit by Ryan Getzlaf and loses puck.
2:39 of 1st period - Minor Penalty to Andrei Markov for Holding.
2:40 of 1st period - Ryan Kesler wins face-off versus Chris Drury in Canadiens zone.
2:40 of 1st period - Ryan Kesler is hit by Brian Campbell.
3:54 of 1st period - Shot by Daniel Briere.
3:54 of 1st period - Shot Misses the Net.
4:34 of 1st period - Icing by Daniel Briere.
4:35 of 1st period - Ryan Getzlaf wins face-off versus Daniel Briere in Sabres zone.
4:49 of 1st period - Maxim Afinogenov is hit by Paul Gaustad and loses puck.
5:09 of 1st period - Icing by Lubomir Visnovsky.
5:10 of 1st period - Saku Koivu wins face-off versus Chris Drury in Canadiens zone.
5:10 of 1st period - Saku Koivu is hit by Chris Drury.
5:22 of 1st period - Minor Penalty to Martin Gelinas for High sticking.
5:23 of 1st period - Chris Drury wins face-off versus Ryan Kesler in Sabres zone.
6:54 of 1st period - Shot by Thomas Vanek.
6:54 of 1st period - Shot Misses the Net.
6:56 of 1st period - Shot by Toni Lydman.
6:56 of 1st period - Stopped by Roberto Luongo with a rebound.
7:00 of 1st period - Shot by Chris Drury.
7:00 of 1st period - Shot Misses the Net.
7:04 of 1st period - Shot by Thomas Vanek.
7:04 of 1st period - Shot Blocked by Karlis Skrastins.
7:06 of 1st period - Shot by Toni Lydman.
7:06 of 1st period - Stopped by Roberto Luongo without a rebound.
7:07 of 1st period - Chris Drury wins face-off versus Ryan Getzlaf in Canadiens zone.
7:08 of 1st period - Shot by Milan Hejduk.
7:08 of 1st period - Shot Misses the Net.
7:40 of 1st period - Shot by Mark Recchi.
7:40 of 1st period - Shot Misses the Net.
8:27 of 1st period - Shot by Viktor Kozlov.
8:27 of 1st period - Shot Misses the Net.
8:29 of 1st period - Shot by Bryan Smolinski.
8:29 of 1st period - Shot Misses the Net.
8:46 of 1st period - Minor Penalty to Martin Gelinas for Interference.
8:47 of 1st period - Chris Drury wins face-off versus Mike Johnson in Sabres zone.
8:47 of 1st period - Milan Hejduk is hit by Maxim Afinogenov and loses puck.
8:49 of 1st period - Milan Hejduk is hit by Maxim Afinogenov.
9:20 of 1st period - Chris Drury is hit by Philippe Boucher and loses puck.
10:54 of 1st period - Shot by Thomas Vanek.
10:54 of 1st period - Stopped by Roberto Luongo without a rebound.
10:55 of 1st period - Derek Roy wins face-off versus Ryan Getzlaf in Canadiens zone.
10:55 of 1st period - Derek Roy is hit by Ryan Getzlaf.
11:18 of 1st period - Derek Roy is hit by Darcy Tucker and loses puck.
12:28 of 1st period - Off-side.
12:29 of 1st period - Chris Drury wins face-off versus Martin Gelinas in neutral zone.
12:35 of 1st period - Icing by Karlis Skrastins.
12:36 of 1st period - Chris Drury wins face-off versus Bryan Smolinski in Canadiens zone.
12:36 of 1st period - Nathan Horton is hit by Craig Rivet and loses puck.
12:50 of 1st period - Icing by Karlis Skrastins.
12:51 of 1st period - Bryan Smolinski wins face-off versus Derek Roy in Canadiens zone.
13:07 of 1st period - Danny Markov is hit by Martin Gelinas and loses puck.
13:30 of 1st period - Derek Roy is hit by Philippe Boucher and loses puck.
14:13 of 1st period - Shot by Chris Drury.
14:13 of 1st period - Stopped by Roberto Luongo with a rebound.
14:15 of 1st period - Shot by Thomas Vanek.
14:15 of 1st period - Shot Misses the Net.
14:18 of 1st period - Icing by Lubomir Visnovsky.
14:19 of 1st period - Daniel Briere wins face-off versus Saku Koivu in Canadiens zone.
14:19 of 1st period - Henrik Zetterberg is hit by Philippe Boucher and loses puck.
14:29 of 1st period - Minor Penalty to Lee Stempniak for Holding.
14:30 of 1st period - Chris Drury wins face-off versus Ryan Getzlaf in Canadiens zone.
15:11 of 1st period - Icing by Daniel Briere.
15:12 of 1st period - Ryan Kesler wins face-off versus Daniel Briere in Sabres zone.
15:36 of 1st period - Icing by Michael Ryder.
15:37 of 1st period - Ryan Kesler wins face-off versus Daniel Briere in Sabres zone.
15:38 of 1st period - Shot by Viktor Kozlov.
15:38 of 1st period - Shot Misses the Net.
15:47 of 1st period - Off-side.
15:48 of 1st period - Ryan Getzlaf wins face-off versus Chris Drury in neutral zone.
16:12 of 1st period - Icing by Toni Lydman.
16:13 of 1st period - Ryan Kesler wins face-off versus Chris Drury in Sabres zone.
16:19 of 1st period - Icing by Toni Lydman.
16:20 of 1st period - Ryan Kesler wins face-off versus Milan Hejduk in Sabres zone.
16:29 of 1st period - Milan Hejduk is hit by Mark Recchi and loses puck.
16:42 of 1st period - Shot by Darcy Tucker.
16:42 of 1st period - Stopped by Ryan Miller with a rebound.
16:48 of 1st period - Shot by Mark Recchi.
16:48 of 1st period - Stopped by Ryan Miller without a rebound.
16:49 of 1st period - Bryan Smolinski wins face-off versus Johan Franzen in Sabres zone.
17:06 of 1st period - Shot by Martin Gelinas.
17:06 of 1st period - Shot Misses the Net.
17:08 of 1st period - Shot by Viktor Kozlov.
17:08 of 1st period - Stopped by Ryan Miller without a rebound.
17:09 of 1st period - Chris Drury wins face-off versus Saku Koivu in Sabres zone.
17:09 of 1st period - Chris Drury is hit by Maxim Afinogenov.
17:14 of 1st period - Off-side.
17:15 of 1st period - Ryan Kesler wins face-off versus Derek Roy in neutral zone.
17:15 of 1st period - Ryan Kesler is hit by Jochen Hecht.
17:40 of 1st period - Shot by Michael Ryder.
17:40 of 1st period - Shot Blocked by Philippe Boucher.
17:40 of 1st period - Philippe Boucher from Canadiens is injured at 17:40 of 1st period (Hand).
17:41 of 1st period - Ryan Getzlaf wins face-off versus Chris Drury in Canadiens zone.
18:23 of 1st period - Shot by Mark Recchi.
18:23 of 1st period - Shot Blocked by Toni Lydman.
18:36 of 1st period - Icing by Darcy Tucker.
18:37 of 1st period - Ryan Getzlaf wins face-off versus Daniel Briere in Canadiens zone.
18:53 of 1st period - Shot by Milan Hejduk.
18:53 of 1st period - Shot Hit the Post.
18:55 of 1st period - Shot by Milan Hejduk.
18:55 of 1st period - Stopped by Roberto Luongo without a rebound.
18:56 of 1st period - Derek Roy wins face-off versus Saku Koivu in Canadiens zone.
18:56 of 1st period - Minor Penalty to Lubomir Visnovsky for Holding.
18:57 of 1st period - Daniel Briere wins face-off versus Ryan Kesler in Canadiens zone.
19:10 of 1st period - Michael Ryder is hit by Karlis Skrastins and loses puck.
19:48 of 1st period - Off-side.
19:49 of 1st period - Chris Drury wins face-off versus Ryan Kesler in neutral zone.

Period #2

0:01 of 2nd period - Michael Ryder wins face-off versus Ryan Kesler in neutral zone.
0:18 of 2nd period - Shot by John-Michael Liles.
0:18 of 2nd period - Shot Misses the Net.
0:20 of 2nd period - Shot by Jochen Hecht.
0:20 of 2nd period - Stopped by Roberto Luongo without a rebound.
0:21 of 2nd period - Chris Drury wins face-off versus Ryan Getzlaf in Canadiens zone.
0:35 of 2nd period - Off-side.
0:36 of 2nd period - Ryan Kesler wins face-off versus Daniel Briere in neutral zone.
0:56 of 2nd period - Minor Penalty to Andrei Markov for Slashing.
0:57 of 2nd period - Chris Drury wins face-off versus Maxim Afinogenov in Sabres zone.
1:35 of 2nd period - Shot by Milan Hejduk.
1:35 of 2nd period - Shot Blocked by Karlis Skrastins.
1:47 of 2nd period - Ryan Getzlaf is hit by Milan Hejduk and loses puck.
2:26 of 2nd period - Icing by Jochen Hecht.
2:27 of 2nd period - Daniel Briere wins face-off versus Ryan Kesler in Sabres zone.
3:17 of 2nd period - Minor Penalty to Brian Campbell for Hooking.
3:18 of 2nd period - Saku Koivu wins face-off versus Derek Roy in Sabres zone.
3:29 of 2nd period - Shot by Lubomir Visnovsky.
3:29 of 2nd period - Shot Misses the Net.
5:01 of 2nd period - Shot by Lubomir Visnovsky.
5:01 of 2nd period - Shot Misses the Net.
5:41 of 2nd period - Shot by Milan Hejduk.
5:41 of 2nd period - Deflect By Henrik Zetterberg.
5:41 of 2nd period - Shot Blocked by Craig Rivet.
5:43 of 2nd period - Shot by Milan Hejduk.
5:43 of 2nd period - Shot Misses the Net.
5:47 of 2nd period - Shot by Daniel Briere.
5:47 of 2nd period - Shot Misses the Net.
5:49 of 2nd period - Shot by Daniel Briere.
5:49 of 2nd period - Stopped by Roberto Luongo without a rebound.
5:50 of 2nd period - Thomas Vanek wins face-off versus Ryan Kesler in Canadiens zone.
5:53 of 2nd period - Shot by Thomas Vanek.
5:53 of 2nd period - Stopped by Roberto Luongo with a rebound.
5:59 of 2nd period - Shot by Thomas Vanek.
5:59 of 2nd period - Deflect By Daniel Briere.
5:59 of 2nd period - Stopped by Roberto Luongo without a rebound.
6:00 of 2nd period - Saku Koivu wins face-off versus Derek Roy in Canadiens zone.
6:15 of 2nd period - Shot by Maxim Afinogenov.
6:15 of 2nd period - Shot Misses the Net.
6:59 of 2nd period - Shot by Thomas Vanek.
6:59 of 2nd period - Shot Misses the Net.
7:26 of 2nd period - Shot by Alexander Frolov.
7:26 of 2nd period - Stopped by Ryan Miller without a rebound.
7:27 of 2nd period - Ryan Kesler wins face-off versus Daniel Briere in Sabres zone.
7:30 of 2nd period - Shot by Martin Gelinas.
7:30 of 2nd period - Shot Blocked by Henrik Zetterberg.
7:34 of 2nd period - Shot by Viktor Kozlov.
7:34 of 2nd period - Stopped by Ryan Miller without a rebound.
7:35 of 2nd period - Maxim Afinogenov wins face-off versus Daniel Briere in Sabres zone.
7:53 of 2nd period - Icing by John-Michael Liles.
7:54 of 2nd period - Ryan Getzlaf wins face-off versus Daniel Briere in Sabres zone.
8:09 of 2nd period - Shot by Daniel Briere.
8:09 of 2nd period - Shot Misses the Net.
8:11 of 2nd period - Shot by Milan Hejduk.
8:11 of 2nd period - Stopped by Roberto Luongo without a rebound.
8:12 of 2nd period - Bryan Smolinski wins face-off versus Derek Roy in Canadiens zone.
8:29 of 2nd period - Shot by Michael Ryder.
8:29 of 2nd period - Stopped by Roberto Luongo without a rebound.
8:30 of 2nd period - Chris Drury wins face-off versus Ryan Kesler in Canadiens zone.
8:55 of 2nd period - Shot by Lee Stempniak.
8:55 of 2nd period - Shot Misses the Net.
8:57 of 2nd period - Shot by Lee Stempniak.
8:57 of 2nd period - Shot Blocked by Chris Drury.
9:18 of 2nd period - Icing by Toni Lydman.
9:19 of 2nd period - Bryan Smolinski wins face-off versus Chris Drury in Sabres zone.
9:20 of 2nd period - Shot by Viktor Kozlov.
9:20 of 2nd period - Shot Blocked by Rob Blake.
9:22 of 2nd period - Shot by Martin Gelinas.
9:22 of 2nd period - Shot Blocked by Rob Blake.
9:30 of 2nd period - Shot by Viktor Kozlov.
9:30 of 2nd period - Stopped by Ryan Miller without a rebound.
9:31 of 2nd period - Daniel Briere wins face-off versus Ryan Getzlaf in Sabres zone.
9:40 of 2nd period - Shot by Daniel Briere.
9:40 of 2nd period - Stopped by Roberto Luongo without a rebound.
9:40 of 2nd period - Major / Game Misconduct Penalty to Roberto Luongo for Unsportsmanlike conduct.
9:40 of 2nd period - Roberto Luongo is ejected from game.
9:40 of 2nd period - John Grahame enters game.
9:41 of 2nd period - Ryan Kesler wins face-off versus Daniel Briere in Canadiens zone.
10:47 of 2nd period - Shot by Chris Drury.
10:47 of 2nd period - Stopped by John Grahame without a rebound.
10:48 of 2nd period - Ryan Getzlaf wins face-off versus Thomas Vanek in Canadiens zone.
11:32 of 2nd period - John-Michael Liles is hit by Karlis Skrastins and loses puck.
12:17 of 2nd period - Shot by Chris Drury.
12:17 of 2nd period - Shot Misses the Net.
12:59 of 2nd period - Shot by Michael Ryder.
12:59 of 2nd period - Shot Blocked by Ryan Kesler.
13:11 of 2nd period - Shot by Craig Rivet.
13:11 of 2nd period - Shot Misses the Net.
13:31 of 2nd period - Shot by Ryan Getzlaf.
13:31 of 2nd period - Shot Misses the Net.
13:59 of 2nd period - Toni Lydman is hit by Mike Johnson and loses puck.
14:03 of 2nd period - Icing by Toni Lydman.
14:04 of 2nd period - Ryan Kesler wins face-off versus Chris Drury in Sabres zone.
15:03 of 2nd period - Shot by Lee Stempniak.
15:03 of 2nd period - Shot Misses the Net.
15:22 of 2nd period - Martin Gelinas is hit by Danny Markov and loses puck.
15:58 of 2nd period - Icing by Ryan Getzlaf.
15:59 of 2nd period - Ryan Getzlaf wins face-off versus Johan Franzen in Canadiens zone.
16:36 of 2nd period - Shot by Bryan Smolinski.
16:36 of 2nd period - Stopped by Ryan Miller without a rebound.
16:37 of 2nd period - Chris Drury wins face-off versus Lee Stempniak in Sabres zone.
16:58 of 2nd period - Shot by Mike Johnson.
16:58 of 2nd period - Shot Misses the Net.
17:00 of 2nd period - Shot by Lubomir Visnovsky.
17:00 of 2nd period - Stopped by Ryan Miller without a rebound.
17:01 of 2nd period - Saku Koivu wins face-off versus Derek Roy in Sabres zone.
17:02 of 2nd period - Shot by Lee Stempniak.
17:02 of 2nd period - Stopped by Ryan Miller without a rebound.
17:03 of 2nd period - Bryan Smolinski wins face-off versus Derek Roy in Sabres zone.
17:08 of 2nd period - Shot by Viktor Kozlov.
17:08 of 2nd period - Stopped by Ryan Miller without a rebound.
17:09 of 2nd period - Derek Roy wins face-off versus Saku Koivu in Sabres zone.
17:57 of 2nd period - Maxim Afinogenov is hit by Jochen Hecht and loses puck.
18:45 of 2nd period - Shot by Chris Drury.
18:45 of 2nd period - Goal by Chris Drury - Sabres : 1 - Canadiens : 0.
18:46 of 2nd period - Ryan Getzlaf wins face-off versus Milan Hejduk in neutral zone.
19:38 of 2nd period - Icing by Craig Rivet.
19:39 of 2nd period - Ryan Getzlaf wins face-off versus Chris Drury in Canadiens zone.

Period #3

0:01 of 3rd period - Derek Roy wins face-off versus Bryan Smolinski in neutral zone.
0:44 of 3rd period - Icing by Dmitri Kalinin.
0:45 of 3rd period - Derek Roy wins face-off versus Ryan Kesler in Sabres zone.
3:19 of 3rd period - Icing by Chris Drury.
3:20 of 3rd period - Saku Koivu wins face-off versus Jochen Hecht in Sabres zone.
4:05 of 3rd period - Icing by Brian Campbell.
4:06 of 3rd period - Daniel Briere wins face-off versus Mark Recchi in Sabres zone.
4:08 of 3rd period - Icing by Milan Hejduk.
4:09 of 3rd period - Mark Recchi wins face-off versus Daniel Briere in Sabres zone.
4:32 of 3rd period - Shot by Mark Recchi.
4:32 of 3rd period - Shot Misses the Net.
4:49 of 3rd period - Icing by Lubomir Visnovsky.
4:50 of 3rd period - Mark Recchi wins face-off versus Thomas Vanek in Canadiens zone.
5:13 of 3rd period - Shot by Saku Koivu.
5:13 of 3rd period - Shot Misses the Net.
5:15 of 3rd period - Shot by Mike Johnson.
5:15 of 3rd period - Stopped by Ryan Miller without a rebound.
5:16 of 3rd period - Mike Johnson wins face-off versus Chris Drury in Sabres zone.
5:35 of 3rd period - Shot by Alexander Frolov.
5:35 of 3rd period - Deflect By Maxim Afinogenov.
5:35 of 3rd period - Stopped by Ryan Miller without a rebound.
5:36 of 3rd period - Saku Koivu wins face-off versus Chris Drury in Sabres zone.
5:43 of 3rd period - Shot by Bryan Smolinski.
5:43 of 3rd period - Stopped by Ryan Miller without a rebound.
5:44 of 3rd period - Daniel Briere wins face-off versus Saku Koivu in Sabres zone.
5:46 of 3rd period - Minor Penalty to Maxim Afinogenov for Roughing.
5:47 of 3rd period - Chris Drury wins face-off versus Ryan Kesler in neutral zone.
6:27 of 3rd period - Icing by Jochen Hecht.
6:28 of 3rd period - Ryan Getzlaf wins face-off versus Daniel Briere in Sabres zone.
6:29 of 3rd period - Shot by Mike Johnson.
6:29 of 3rd period - Shot Blocked by John-Michael Liles.
6:51 of 3rd period - Shot by John-Michael Liles.
6:51 of 3rd period - Shot Blocked by Mike Johnson.
6:55 of 3rd period - Shot by Michael Ryder.
6:55 of 3rd period - Shot Misses the Net.
6:57 of 3rd period - Shot by Jochen Hecht.
6:57 of 3rd period - Stopped by John Grahame without a rebound.
6:58 of 3rd period - Chris Drury wins face-off versus Ryan Kesler in Canadiens zone.
7:49 of 3rd period - Shot by Michael Ryder.
7:49 of 3rd period - Shot Blocked by Craig Rivet.
7:56 of 3rd period - Maxim Afinogenov is hit by Danny Markov and loses puck.
8:00 of 3rd period - Craig Rivet is hit by Thomas Vanek and loses puck.
8:23 of 3rd period - Shot by Henrik Zetterberg.
8:23 of 3rd period - Shot Blocked by Craig Rivet.
8:26 of 3rd period - Icing by Craig Rivet.
8:27 of 3rd period - Saku Koivu wins face-off versus Daniel Briere in Canadiens zone.
8:43 of 3rd period - Icing by Rob Blake.
8:44 of 3rd period - Saku Koivu wins face-off versus Daniel Briere in Sabres zone.
8:47 of 3rd period - Shot by Lee Stempniak.
8:47 of 3rd period - Shot Misses the Net.
9:10 of 3rd period - Minor Penalty to Thomas Vanek for Interference.
9:11 of 3rd period - Mark Recchi wins face-off versus Johan Franzen in neutral zone.
9:32 of 3rd period - Shot by Matt Carle.
9:32 of 3rd period - Shot Misses the Net.
9:34 of 3rd period - Shot by Ryan Getzlaf.
9:34 of 3rd period - Shot Blocked by Danny Markov.
9:36 of 3rd period - Shot by Ryan Getzlaf.
9:36 of 3rd period - Shot Misses the Net.
9:38 of 3rd period - Shot by Matt Carle.
9:38 of 3rd period - Stopped by Ryan Miller without a rebound.
9:39 of 3rd period - Mike Johnson wins face-off versus Derek Roy in Sabres zone.
9:40 of 3rd period - Shot by Alexander Frolov.
9:40 of 3rd period - Goal by Alexander Frolov - Sabres : 1 - Canadiens : 1.
9:41 of 3rd period - Milan Hejduk wins face-off versus Saku Koivu in neutral zone.
9:44 of 3rd period - Lubomir Visnovsky is hit by Henrik Zetterberg and loses puck.
9:49 of 3rd period - Shot by Henrik Zetterberg.
9:49 of 3rd period - Stopped by John Grahame without a rebound.
9:50 of 3rd period - Saku Koivu wins face-off versus Daniel Briere in Canadiens zone.
9:50 of 3rd period - Saku Koivu is hit by John-Michael Liles.
9:56 of 3rd period - Daniel Briere is hit by Lee Stempniak and loses puck.
10:07 of 3rd period - Shot by Chris Drury.
10:07 of 3rd period - Shot Misses the Net.
10:09 of 3rd period - Shot by Daniel Briere.
10:09 of 3rd period - Stopped by John Grahame without a rebound.
10:10 of 3rd period - Jochen Hecht wins face-off versus Mike Johnson in Canadiens zone.
10:23 of 3rd period - Shot by Maxim Afinogenov.
10:23 of 3rd period - Stopped by Ryan Miller with a rebound.
10:25 of 3rd period - Shot by Maxim Afinogenov.
10:25 of 3rd period - Deflect By Mark Recchi.
10:25 of 3rd period - Shot Misses the Net.
10:27 of 3rd period - Shot by Andrei Markov.
10:27 of 3rd period - Shot Misses the Net.
10:40 of 3rd period - Major / Game Misconduct Penalty to Mike Johnson for Spearing.
10:40 of 3rd period - Mike Johnson is ejected from game.
10:41 of 3rd period - Ryan Kesler wins face-off versus Daniel Briere in neutral zone.
10:41 of 3rd period - Ryan Kesler is hit by Michael Ryder.
10:54 of 3rd period - Icing by Rob Blake.
10:55 of 3rd period - Daniel Briere wins face-off versus Ryan Kesler in Sabres zone.
11:44 of 3rd period - Shot by Milan Hejduk.
11:44 of 3rd period - Shot Misses the Net.
12:33 of 3rd period - Daniel Briere is hit by Andrei Markov and loses puck.
12:36 of 3rd period - Shot by Dmitri Kalinin.
12:36 of 3rd period - Stopped by John Grahame with a rebound.
14:03 of 3rd period - Michael Ryder is hit by Viktor Kozlov and loses puck.
14:51 of 3rd period - Minor Penalty to Viktor Kozlov for Roughing.
14:52 of 3rd period - Johan Franzen wins face-off versus Ryan Getzlaf in neutral zone.
15:56 of 3rd period - Off-side.
15:57 of 3rd period - Ryan Getzlaf wins face-off versus Chris Drury in neutral zone.
17:00 of 3rd period - Icing by Craig Rivet.
17:01 of 3rd period - Thomas Vanek wins face-off versus Saku Koivu in Canadiens zone.
17:17 of 3rd period - Shot by Henrik Zetterberg.
17:17 of 3rd period - Stopped by John Grahame without a rebound.
17:18 of 3rd period - Daniel Briere wins face-off versus Bryan Smolinski in Canadiens zone.
17:37 of 3rd period - Shot by Henrik Zetterberg.
17:37 of 3rd period - Deflect By Daniel Briere.
17:37 of 3rd period - Shot Misses the Net.
18:11 of 3rd period - Shot by Mark Recchi.
18:11 of 3rd period - Stopped by Ryan Miller without a rebound.
18:12 of 3rd period - Saku Koivu wins face-off versus Jochen Hecht in Sabres zone.
18:42 of 3rd period - Icing by Matt Carle.
18:43 of 3rd period - Saku Koivu wins face-off versus Chris Drury in Canadiens zone.
19:03 of 3rd period - Shot by Derek Roy.
19:03 of 3rd period - Shot Blocked by Ryan Kesler.
19:05 of 3rd period - Shot by Derek Roy.
19:05 of 3rd period - Stopped by John Grahame without a rebound.
19:06 of 3rd period - Mark Recchi wins face-off versus Jochen Hecht in Canadiens zone.
19:52 of 3rd period - Shot by Daniel Briere.
19:52 of 3rd period - Shot Misses the Net.

Overtime #1

0:01 of 1st overtime period - Daniel Briere wins face-off versus Saku Koivu in neutral zone.
0:01 of 1st overtime period - Rob Blake is hit by Andrei Markov and loses puck.
0:17 of 1st overtime period - Nathan Horton is hit by Alexander Frolov and loses puck.
0:28 of 1st overtime period - Shot by Nathan Horton.
0:28 of 1st overtime period - Stopped by John Grahame without a rebound.
0:29 of 1st overtime period - Chris Drury wins face-off versus Ryan Getzlaf in Canadiens zone.
0:32 of 1st overtime period - Shot by Chris Drury.
0:32 of 1st overtime period - Stopped by John Grahame without a rebound.
0:33 of 1st overtime period - Chris Drury wins face-off versus Ryan Getzlaf in Canadiens zone.
0:59 of 1st overtime period - Off-side.
1:00 of 1st overtime period - Saku Koivu wins face-off versus Daniel Briere in neutral zone.
1:03 of 1st overtime period - Daniel Briere is hit by Alexander Frolov and loses puck.
1:10 of 1st overtime period - Shot by Daniel Briere.
1:10 of 1st overtime period - Shot Blocked by Craig Rivet.
1:13 of 1st overtime period - Daniel Briere is hit by Lubomir Visnovsky and loses puck.
1:53 of 1st overtime period - Saku Koivu is hit by Rob Blake and loses puck.
2:28 of 1st overtime period - Shot by Chris Drury.
2:28 of 1st overtime period - Stopped by John Grahame without a rebound.
2:29 of 1st overtime period - Chris Drury wins face-off versus Ryan Getzlaf in Canadiens zone.
2:30 of 1st overtime period - Shot by Michael Ryder.
2:30 of 1st overtime period - Stopped by John Grahame without a rebound.
2:31 of 1st overtime period - Ryan Getzlaf wins face-off versus Michael Ryder in Canadiens zone.
2:31 of 1st overtime period - Ryan Getzlaf is hit by Toni Lydman.
2:49 of 1st overtime period - Shot by Maxim Afinogenov.
2:49 of 1st overtime period - Stopped by Ryan Miller without a rebound.
2:50 of 1st overtime period - Saku Koivu wins face-off versus Daniel Briere in Sabres zone.
3:07 of 1st overtime period - Shot by Alexander Frolov.
3:07 of 1st overtime period - Stopped by Ryan Miller without a rebound.
3:08 of 1st overtime period - Ryan Getzlaf wins face-off versus Chris Drury in Sabres zone.
3:33 of 1st overtime period - Shot by Chris Drury.
3:33 of 1st overtime period - Stopped by John Grahame without a rebound.
3:34 of 1st overtime period - Daniel Briere wins face-off versus Saku Koivu in Canadiens zone.
3:47 of 1st overtime period - Shot by Alexander Frolov.
3:47 of 1st overtime period - Stopped by Ryan Miller without a rebound.
3:48 of 1st overtime period - Saku Koivu wins face-off versus Daniel Briere in Sabres zone.
4:07 of 1st overtime period - Shot by Daniel Briere.
4:07 of 1st overtime period - Deflect By Nathan Horton.
4:07 of 1st overtime period - Shot Blocked by Lubomir Visnovsky.
4:09 of 1st overtime period - Shot by John-Michael Liles.
4:09 of 1st overtime period - Shot Misses the Net.
4:39 of 1st overtime period - Shot by Michael Ryder.
4:39 of 1st overtime period - Stopped by John Grahame without a rebound.
4:40 of 1st overtime period - Ryan Getzlaf wins face-off versus Chris Drury in Canadiens zone.
4:51 of 1st overtime period - Shot by Maxim Afinogenov.
4:51 of 1st overtime period - Deflect By Ryan Getzlaf.
4:51 of 1st overtime period - Shot Misses the Net.
4:53 of 1st overtime period - Shot by Maxim Afinogenov.
4:53 of 1st overtime period - Shot Misses the Net.
4:55 of 1st overtime period - Shot by Andrei Markov.
4:55 of 1st overtime period - Goal by Andrei Markov - Sabres : 1 - Canadiens : 2.


Output by the SimonT Hockey Simulator (STHS) for Stephane Roy -- Original Page W3C XHTML 1.0 Valid